General information
- name: BNet
- type: Ladder 1vs1/FFA
- host: Battle.net
- saver: 940
map: SecretValley
- players: 2
- length: 15:00
- speed: Fast
- version: 1.26 W3XP
- replay type: Public
» download(69 KB)
Players
team 1 (loser)
PENOMBRE (
purple | 99 APM | 1476 actions | 14:58)
3 Archmage
2 Summon Water Elemental
1 Brilliance Aura
3 Beastmaster
2 Summon Quilbeast
1 Summon Hawk
» actions
| Assign group hotkey | 55 | |
| Basic commands | 115 | |
| Build / train | 53 | |
| Enter build submenu | 18 | |
| Enter hero's abilities submenu | 6 | |
| Give item / drop item | 1 | |
| Right click | 575 | |
| Select / deselect | 343 | |
| Select group hotkey | 234 | |
| Use ability | 76 | |
1476 total
» units
| Peasant | 11 | |
| Footman | 7 | |
| Sorceress | 7 | |
| Spell Breaker | 5 | |
| Priest | 2 | |
32 total
» upgrades
» buildings
| Altar of Kings | 1 | |
| Farm | 9 | |
| Barracks | 1 | |
| Keep | 1 | |
| Scout Tower | 1 | |
| Arcane Tower | 1 | |
| Arcane Vault | 2 | |
| Arcane Sanctum | 2 | |
| Lumber Mill | 1 | |
| Blacksmith | 1 | |
20 total
» build order
00:09 Altar of Kings
00:13 Farm
00:20 Barracks
01:03 Farm
01:48 Farm
03:18 Keep
03:49 Scout Tower
04:30 Arcane Tower
04:57 Arcane Vault
05:04 Arcane Vault
06:29 Arcane Sanctum
06:31 Arcane Sanctum
06:36 Lumber Mill
06:52 Farm
08:07 Farm
08:50 Farm
08:57 Farm
09:45 Farm
09:50 Blacksmith
11:56 Farm
» items
| Scroll of Regeneration | 2 | |
| Lesser Clarity Potion | 1 | |
| Potion of Healing | 1 | |
| Boots of Speed | 1 | |
5 total
team 2 (winner)
940 (
pink | 168 APM | 2514 actions | 15:00)
4 Blademaster
2 Wind Walk
2 Critical Strike
2 Shadow Hunter
1 Hex
1 Healing Wave
» actions
| Assign group hotkey | 28 | |
| Basic commands | 42 | |
| Build / train | 52 | |
| Enter build submenu | 10 | |
| Enter hero's abilities submenu | 9 | |
| Give item / drop item | 2 | |
| Right click | 1518 | |
| Select / deselect | 443 | |
| Select group hotkey | 334 | |
| Use ability | 75 | |
2514 total
» units
| Peon | 5 | |
| Grunt | 14 | |
| Raider | 3 | |
| Spirit Walker | 2 | |
24 total
» upgrades
| Berserker Strength | 1 | |
| Ensnare | 1 | |
| Armor | 1 | |
| Spirit Walker Training | 1 | |
4 total
» buildings
| Altar of Storms | 1 | |
| Orc Burrow | 4 | |
| Barracks | 1 | |
| Voodoo Lounge | 1 | |
| Stronghold | 2 | |
| Beastiary | 1 | |
| War Mill | 1 | |
| Spirit Lodge | 1 | |
12 total
» build order
00:03 Altar of Storms
00:06 Orc Burrow
00:23 Barracks
01:41 Orc Burrow
01:54 Voodoo Lounge
03:20 Stronghold
03:20 Stronghold
03:55 Orc Burrow
06:24 Beastiary
06:31 War Mill
08:50 Orc Burrow
09:38 Spirit Lodge
» items
| Healing Salve | 4 | |
| Lesser Clarity Potion | 5 | |
| Potion of Healing | 2 | |
| Potion of Mana | 1 | |
12 total
Chat log
(14:48 / All) PENOMBRE: gg
(14:52 / All) 940: bad